 Dungeon Crawl Stone Soup version 0.29-a0-334-gb41bcbb86e (webtiles) character file.

Game seed: 12106655432480847094

13 spaghetti the Magician (level 2, 0/21 HPs)
             Began as a Djinni Summoner on Apr 14, 2022.
             Slain by a goblin
             ... wielding a +0 dagger
              (3 damage)
             ... on level 1 of the Dungeon.
             The game lasted 00:00:54 (530 turns).

spaghetti the Magician (Djinni Summoner)             Turns: 530, Time: 00:00:55

Health: 0/21       AC:  2    Str:  7    XL:     2   Next: 50%
Gold:   19         EV: 12    Int: 16    God:
                   SH:  0    Dex: 13

rFire   + + .      SeeInvis .   c - +0 quarterstaff {staff}
rCold   x . .      Faith    .   (shield currently unavailable)
rNeg    . . .      Spirit   .   a - +0 robe
rPois   ∞          Reflect  .   (no helmet)
rElec   .          Harm     .   (no cloak)
rCorr   .          Rampage  .   (no gloves)
Will    .....                   (boots unavailable)
Stlth   ++........              (no amulet)
HPRegen 0.07/turn               (no ring)
MPRegen 0.00/turn               (no ring)

@: flying
A: sickness immunity, fire resistance 2, cold vulnerability 1, float, innate
caster, HP casting, extra vitality 1
a: no special abilities


You were on level 1 of the Dungeon.
You visited 1 branch of the dungeon, and saw 1 of its levels.

You collected 19 gold pieces.


Innate Abilities, Weirdness & Mutations

You are immune to sickness and miasma.
You are immune to poison.
Your flesh is very heat resistant. (rF++)
You are vulnerable to cold. (rC-)
You float through the air rather than walking.
You learn spells naturally, not from books.
Your magical power is your life essence.
You have superior vitality. (+4 MHP)


   Skills:
 - Level 2.1 Dodging
 - Level 1.5 Stealth
 + Level 3.7 Spellcasting


You couldn't memorise any spells.
You knew the following spells:

 Your Spells              Type           Power      Damage    Failure   Level
a - Summon Small Mammal   Summ           56%        N/A       3%          1
b - Call Imp              Summ           14%        N/A       6%          2
c - Call Canine Familiar  Summ           14%        N/A       12%         3
d - Summon Guardian Gole  Hex/Summ       14%        N/A       12%         3
e - Summon Lightning Spi  Summ/Air       14%        N/A       36%         4
Your spell library was empty.

Inventory:

Hand Weapons
 c - a +0 quarterstaff (weapon) {staff}
   (You found it on level 1 of the Dungeon)
Missiles
 b - 48 stones (quivered) {throwing}
Armour
 a - a +0 robe (worn)
Scrolls
 d - a scroll of torment {unknown}
Potions
 e - a potion of attraction {unknown}

Dungeon Overview and Level Annotations

Branches:
Dungeon (1/15)

Altars:

#######.#######.#..
#...######.#.# #####
#.†.#...##.#.. # ...#
#...#...##.### ..
#.###...#...##.###
#r##.................
#...r..............##
####g.5..............
#@###...#....#..#.
.......)#
#...#....#..#.
##.######
#...#....#....
#...####.#.##.
.....###.#....
.........)....
.....####.###.
.....####)###.
.......##.##.#


You could see a goblin (ally target), a rat and a friendly crimson imp
(summoned).


Message History

A kobold is nearby!
You swap places.
An endoplasm comes into view.
The endoplasm quivers.
A bat comes into view.
The bat moves out of view.
The bat barely misses you.
Your white imp hits the bat.
Your white imp freezes the bat.
The bat dies!
You start resting.
An endoplasm is nearby!
An endoplasm is nearby!
An endoplasm is nearby!
Unknown command.
You are too injured to fight recklessly!
Throw: 48 stones {throwing}
Press: ? - help, Q - select action, (/) - cycle Shift-Dir - straight line, f - endoplasm
Aim: an endoplasm (85% to hit)
Really fire in your white imp's direction? [Y]es or [N]o only, please.
Really fire in your white imp's direction? [Y]es or [N]o only, please.
Really fire in your white imp's direction?
Okay, then. 😮 HP[+1]
What are your orders? t - Shout!
Orders for allies: a - Attack new target. p - Attack previous target. r - Retreat! s - Stop attacking. g - Guard the area. f - Follow me.
Anything else - Cancel.
Gang up on whom?
Press: ? - help, Dir - move target, f/p - endoplasm
Aim: an endoplasm Attack!
The endoplasm closely misses your white imp.
Your white imp hits the endoplasm.
Your white imp freezes the endoplasm.
The endoplasm dies!
Your white imp disappears in a puff of smoke!
Key pressed, stopping explore.
Key pressed, stopping explore.
The book of Scorching burns to shimmering ash in your grasp.
e - a black potion 😎 HP[+10]
Your hp is fully restored (21).
A kobold is nearby!
A kobold is nearby!
Casting: Call Imp (safe; 6% risk of failure)
Confirm with . or Enter, or press ? or * to list all spells.
A beastly little devil appears in a puff of flame. 😕 HP[-2]
You take 2 damage, and now have 19/21 hp.
You are too injured to fight recklessly!
You swap places.
A rat and a goblin come into view.
Your crimson imp blinks!
The kobold misses you.
You closely miss the kobold.
The goblin shouts!
The kobold barely misses you. 😕 HP[+1]
You hit the kobold but do no damage.
The kobold hits you with a +0 short sword.
Unknown command. 😮 HP[-5]
You take 5 damage, and now have 15/21 hp.
MASSIVE DAMAGE!! (PAUSE)
You closely miss the kobold.
The kobold hits you with a +0 short sword.
The kobold barely misses you. 😮 HP[-2]
You take 2 damage, and now have 13/21 hp.
You hit the kobold.
You kill the kobold!
Your crimson imp blinks!
The goblin hits you with a +0 dagger.
* * * LOW HITPOINT WARNING * * *
😨 HP[-4]
You take 4 damage, and now have 9/21 hp.
Unknown command.
You closely miss the goblin. The goblin barely misses you.
Your crimson imp closely misses the goblin.
You miss the goblin. The goblin hits you with a +0 dagger.
* * * LOW HITPOINT WARNING * * *
The rat barely misses your crimson imp.
Your crimson imp barely misses the goblin. 😨 HP[-3]
You take 3 damage, and now have 6/21 hp.
You barely miss the goblin. The goblin barely misses you.
The rat bites your crimson imp but does no damage.
Your crimson imp hits the goblin.
The rat bites your crimson imp.
The goblin hits your crimson imp but does no damage.
Your crimson imp blinks!
You closely miss the goblin. The goblin hits you with a +0 dagger.
* * * LOW HITPOINT WARNING * * *
😱 HP[-3]
You take 3 damage, and now have 3/21 hp.
Unknown command.
You closely miss the goblin. The goblin hits you with a +0 dagger.
You die...

Action                   || total
-------------------------++-------
Melee: Quarterstaff      ||    21
       Unarmed           ||     1
 Cast: Summon Small Mamm ||     6
       Call Imp          ||     2
Armor: Robe              ||     6
Dodge: Dodged            ||    17

Levels and vault maps discovered:
D:1:      dpeg_arrival_shrine, layout_loops_cross

Notes
Turn   | Place    | Note
-------+----------+-------------------------------------------
     0 | D:1      | spaghetti the Djinni Summoner began the quest for the Orb.
     0 | D:1      | Reached XP level 1. HP: 15/15 MP: 0/0
     0 | D:1      | magus.rc [v1.9.6]
    83 | D:1      | Reached XP level 2. HP: 10/21 MP: 0/0
   529 | D:1      | HP: 3/21 [goblin/+0 dagger (3)]
   530 | D:1      | Slain by a goblin

Vanquished Creatures
  An endoplasm (D:1)
  2 jackals (D:1)
  A kobold (D:1)
4 creatures vanquished.

Vanquished Creatures (collateral kills)
  An endoplasm (D:1)
  A hobgoblin (D:1)
  2 jackals (D:1)
  A bat (D:1)
  A goblin (D:1)
  A rat (D:1)
7 creatures vanquished.

Grand Total: 11 creatures vanquished

Table legend:
 A = Non-vault XP
 B = Vault XP
 C = Vault XP percentage of total XP
 D = Non-vault monster count
 E = Vault monster count
 F = Vault count percentage of total count
                 A         B        C        D         E       F
            +---------+---------+-------+---------+---------+-------
      Total |      19 |       0 |   0.0 |      11 |       0 |   0.0
            +---------+---------+-------+---------+---------+-------
        D:1 |      19 |       0 |   0.0 |      11 |       0 |   0.0
            +---------+---------+-------+---------+---------+-------

Illustrated notes

Table legend:
 A = Kills in this place as a percentage of kills in entire the game.
 B = Kills by you in this place as a percentage of kills by you in the entire game.
 C = Kills by friends in this place as a percentage of kills by friends in the entire game.
 D = Other kills in this place as a percentage of other kills in the entire game.
 E = Experience gained in this place as a percentage of experience gained in the entire game.
 F = Experience gained in this place divided by the number of levels of this place that you have seen.
                   A       B       C       D       E      F
               +-------+-------+-------+-------+-------+----------------------
         Total | 100.0 | 100.0 | 100.0 |   N/A | 100.0 |  19.0
       Dungeon | 100.0 | 100.0 | 100.0 |   N/A | 100.0 |  19.0
               +-------+-------+-------+-------+-------+----------------------

Table legend: (Time is in decaauts)
 A = Elapsed time spent in this place.
 B = Non-inter-level travel time spent in this place.
 C = Inter-level travel time spent in this place.
 D = Time resting spent in this place.
 E = Time spent auto-exploring this place.
 F = Levels seen in this place.
 G = Mean time per level.
                   A        B        C        D        E       F      G
               +--------+--------+--------+--------+--------+-----+--------+
         Total |    535 |    535 |      0 |    156 |    302 |   1 |  535.0 |
       Dungeon |    535 |    535 |      0 |    156 |    302 |   1 |  535.0 |
               +--------+--------+--------+--------+--------+-----+--------+

Top non-repeatable levels by time:
     D:1: 535 daAuts
